 Dungeon Crawl Stone Soup version 0.23.0-3-gf3c87f2df8 (webtiles) character file.

Game seed: 14929584550868571765

85 Ivernyr the Insei (level 4, -6/22 HPs)
             Began as a Vine Stalker Transmuter on Feb 21, 2019.
             Killed by divine providence
             ... invoked by an orc priest
              (10 damage)
             ... on level 3 of the Dungeon.
             The game lasted 00:18:23 (2459 turns).

Ivernyr the Insei (Vine Stalker Transmuter)         Turns: 2459, Time: 00:18:24

Health: -6/22      AC:  3    Str: 12    XL:     4   Next: 48%
Magic:  0/9        EV: 13    Int: 19    God:
Gold:   106        SH:  0    Dex: 15    Spells: 2/8 levels left

rFire    . . .     SeeInvis .     - Unarmed
rCold    . . .     Gourm    +   (no shield)
rNeg     . . .     Faith    .   b - +0 robe
rPois    .         Spirit   +   m - +0 helmet
rElec    .         Reflect  .   (no cloak)
rCorr    .         Harm     .   (no gloves)
MR       +....                  (no boots)
Stlth    +.........             i - amulet of the gourmand
HPRegen  0.47/turn              o - ring of protection from magic
MPRegen  0.11/turn              h - +5 ring of intelligence

@: no status effects
A: fangs 2, regeneration 1, magic shield, antimagic bite, no potion heal 3, rot
immunity
a: no special abilities


You were on level 3 of the Dungeon.
You were hungry.

You visited 1 branch of the dungeon, and saw 3 of its levels.

You collected 106 gold pieces.

Inventory:

Missiles
 a - 48 arrows
Armour
 b - a +0 robe (worn)
 m - a +0 helmet (worn)
Jewellery
 f - an uncursed ring of positive energy
 h - a +5 ring of intelligence (right hand)
 i - an amulet of the gourmand (around neck)
 o - a ring of protection from magic (left hand)
Scrolls
 j - 6 scrolls of remove curse {unknown}
 l - a scroll of identify {unknown}
 n - a scroll of teleportation {unknown}
 p - a scroll of fear {unknown}
Potions
 c - a potion of ambrosia {unknown}
 e - 4 potions of curing {unknown}
 g - a potion of berserk rage {unknown}
 k - 2 potions of mutation {unknown}
Comestibles
 d - 4 rations


   Skills:
 - Level 1.1 Fighting
 + Level 2.1 Dodging
 + Level 3.3 Unarmed Combat
 + Level 2.8 Spellcasting
 * Level 3.2 Transmutations


You had 2 spell levels left.
You knew the following spells:

 Your Spells              Type           Power        Failure   Level  Hunger
a - Beastly Appendage     Tmut           ###...       4%          1    None
b - Sticks to Snakes      Tmut           ###.....     6%          2    ##.....
c - Spider Form           Tmut/Pois      #.........   24%         3    ###....

Your spell library contained the following spells:

 Spells                   Type           Power        Failure   Level  Hunger
 Magic Dart               Conj           #...         16%         1    None
 Blink                    Tloc           N/A          24%         2    ##.....
 Call Imp                 Summ           #.......     24%         2    ##.....
 Slow                     Hex            #.......     24%         2    ##.....
 Conjure Flame            Conj/Fire      #.......     43%         3    ###....
 Mephitic Cloud           Conj/Pois/Air  #.......     43%         3    ###....
 Ice Form                 Ice/Tmut       #.......     61%         4    ####...
 Blade Hands              Tmut           ###.......   75%         5    ######.


Dungeon Overview and Level Annotations

Branches:
Dungeon (3/15)

Altars:
Ashenzari
Elyvilon
Fedhas


Innate Abilities, Weirdness & Mutations

You have extremely sharp teeth.
Your natural rate of healing is unusually fast.
When hurt, damage is shared between your health and your magic reserves.
Your bite disrupts and absorbs the magic of your enemies.
Potions cannot restore your health.
You are immune to rotting.


Message History

The orc wizard shouts!
The hobgoblin shouts!
An orc priest comes into view. It is wielding a +0 whip.
A rat comes into view.
You hear a shout!
An orc comes into view. It is wielding a +0 short sword.
The orc shouts!
You hear a shout!
The orc priest shouts!
The orc priest mumbles some strange prayers to Beogh against you.
Beogh smites you!
Found 18 stones.
The bat hits you but does no damage.
The orc priest mumbles some strange prayers to Beogh against you.
Beogh smites you!
* * * LOW HITPOINT WARNING * * *
The bat hits you.
* * * LOW HITPOINT WARNING * * *
You completely miss the bat. You bite the bat, but do no damage.
The bat closely misses you.
The orc priest calls down the wrath of Beogh upon you.
Beogh smites you!
You die...

..................#
.....
###################
..... ...... .....o
########## ..o..b#
####.........
....r..
###....########
(......#####...####
......obb@...###
.......#######
....... ......#
.....# #####


You could see an orc priest, an orc wizard, 2 bats and a rat.

Vanquished Creatures
  3 adders
  A worm (D:2)
  2 dart slugs
  A leopard gecko (D:3)
  2 orcs (D:3)
  4 bats
  2 giant cockroaches
  6 goblins
  4 hobgoblins
  2 jackals (D:2)
  2 quokkas
  2 ball pythons (D:1)
  2 frilled lizards
  7 kobolds
  7 rats
47 creatures vanquished.

Notes
Turn   | Place    | Note
-------+----------+-------------------------------------------
     0 | D:1      | Ivernyr the Vine Stalker Transmuter began the quest for the
                  | Orb.
     0 | D:1      | Reached XP level 1. HP: 9/9 MP: 4/4
    88 | D:1      | Reached skill level 1 in Fighting
   770 | D:2      | Reached XP level 2. HP: 12/14 MP: 6/6
   985 | D:2      | Learned a level 2 spell: Sticks to Snakes
  1125 | D:2      | Reached XP level 3. HP: 17/18 MP: 5/7
  1130 | D:2      | Learned a level 3 spell: Spider Form
  2088 | D:3      | Gained mutation: Your natural rate of healing is unusually
                  | fast. [Vine Stalker growth]
  2088 | D:3      | Reached XP level 4. HP: 19/22 MP: 9/9
  2306 | D:3      | Found a shattered altar of Ashenzari.
  2306 | D:3      | Found a faded altar of an unknown god.
  2311 | D:3      | Found a blossoming altar of Fedhas.
  2321 | D:3      | Found a white marble altar of Elyvilon.
  2322 | D:3      | Found a faded altar of an unknown god.
  2459 | D:3      | Killed from afar by an orc priest

Skill      XL: |  1  2  3 |
---------------+----------+-----
Fighting       | 1 |  1.1
Dodging        | 2 |  2.1
Transmutations | 3 |  3.2
Unarmed Combat | |  3.3
Spellcasting   | |  2.8

Action                   |  1- 3 |  4- 6 || total
-------------------------+-------+-------++-------
Melee: Unarmed           |    84 |    54 ||   138
       Bite              |    14 |    14 ||    28
       Headbutt          |     6 |     8 ||    14
       Kick              |     4 |     5 ||     9
 Cast: Beastly Appendage |     7 |     3 ||    10
 Stab: Sleeping          |     1 |       ||     1
  Eat: Chunk             |     1 |       ||     1
       Ration            |     1 |       ||     1
Armor: Robe              |     7 |     5 ||    12
Dodge: Dodged            |    35 |    34 ||    69
